 Dungeon Crawl Stone Soup version 0.25.0-10-g039870ee82 (webtiles) character file.

Game seed: 11458644493176521457

847 Esekla the Magician (level 7, -1/57 HPs)
             Began as a Deep Dwarf Ice Elementalist on June 23, 2020.
             Was a Believer of Makhleb.
             Shot with an arrow by a centaur (2 damage)
             ... on level 6 of the Dungeon.
             The game lasted 00:52:07 (4376 turns).

Esekla the Magician (Deep Dwarf Ice Elementalist)   Turns: 4376, Time: 00:52:08

Health: -1/57      AC:  2    Str: 12    XL:     7   Next: 68%
Magic:  10/14      EV:  9    Int: 17    God:    Makhleb [**....]
Gold:   232        SH:  0    Dex: 13    Spells: 9/16 levels left

rFire    . . .     SeeInvis .   s - +2 dagger (protect)
rCold    . . .     Gourm    .   (no shield)
rNeg     . . .     Faith    .   g - +0 robe
rPois    .         Spirit   .   (no helmet)
rElec    .         Reflect  .   (no cloak)
rCorr    .         Harm     .   (no gloves)
MR       +....                  (no boots)
Stlth    +.........             (no amulet)
HPRegen  0.00/turn              p - -4 ring of evasion (curse)
MPRegen  0.14/turn              i - ring of attention (curse)

@: non-regenerating
A: damage resistance, heal wounds, sense surroundings 1, no regeneration
a: Heal Wounds, Minor Destruction, Renounce Religion


You were on level 6 of the Dungeon.
You worshipped Makhleb.
Makhleb was pleased with you.
You were not hungry.

You visited 1 branch of the dungeon, and saw 6 of its levels.

You collected 232 gold pieces.

Inventory:

Hand Weapons
 a - a +0 hand axe
 s - a +2 dagger of protection (weapon)
 u - a +3 halberd
 y - a +0 long sword
 D - a +0 trident
Missiles
 x - 16 poisoned darts (quivered)
Armour
 g - a +0 robe (worn)
Jewellery
 h - an uncursed ring of magical power
 i - a cursed ring of attention (right hand)
 m - an uncursed ring of stealth
 p - a cursed -4 ring of evasion (left hand)
 t - an uncursed ring of positive energy
 B - an uncursed ring of poison resistance {unknown}
Wands
 j - a wand of clouds (7)
Scrolls
 d - 3 scrolls of teleportation
 w - a scroll of blinking
Potions
 b - a potion of resistance
 e - a potion of brilliance
 f - a potion of mutation
 k - a potion of berserk rage
 l - 2 potions of heal wounds {unknown}
 n - a potion of lignification
 o - 2 potions of cancellation
 q - a potion of magic {unknown}
 r - a potion of curing
 v - a potion of haste {unknown}
 z - a potion of degeneration {unknown}
 A - a potion of flight {unknown}
Comestibles
 c - 8 rations
 C - 2 chunks of flesh


   Skills:
 + Level 1.2 Fighting
 + Level 1.4 Short Blades
 * Level 3.3 Axes
 + Level 0.5 Throwing
 + Level 2.7 Dodging
 - Level 2.4 Stealth
 * Level 5.1 Spellcasting
 * Level 1.7 Charms
 + Level 4.9 Ice Magic


You had 9 spell levels left.
You knew the following spells:

 Your Spells              Type           Power        Failure   Level  Hunger
a - Ozocubu's Armour      Chrm/Ice       ###.....     11%         3    ###....
b - Freeze                Ice            ###.         1%          1    None
r - Frozen Ramparts       Ice            ###...       5%          3    ###....

Your spell library contained the following spells:

 Spells                   Type           Power        Failure   Level  Hunger
 Hailstorm                Conj/Ice       ##......     45%         4    ####...
 Summon Ice Beast         Ice/Summ       ##......     45%         4    ####...


Dungeon Overview and Level Annotations

Branches:
Dungeon (6/15)
 Temple: D:4-7

Altars:
Dithmenos
Hepliaklqana
Makhleb
Trog
Uskayaw
The Shining One


Innate Abilities, Weirdness & Mutations

You are resistant to damage.
You can heal yourself by infusing magical energy.
You passively map a small area around you.
You do not regenerate.


Message History

The hound skeleton is almost destroyed.
The hound skeleton closely misses you.
You hit the hound skeleton.
You destroy the hound skeleton!
Makhleb accepts your kill.
Your icy armour cracks and falls away as you move.
Found a flail.
A centaur comes into view.
The centaur shouts!
The centaur wields a +1 shortbow of flaming.
It bursts into flame!
The centaur shoots an arrow.
The arrow hits you!
* * * LOW HITPOINT WARNING * * *
The arrow burns you.
* * * LOW HITPOINT WARNING * * *
The centaur shoots an arrow.
The arrow closely misses you.
You see here 2 arrows.
The centaur shoots an arrow.
The arrow hits you!
* * * LOW HITPOINT WARNING * * *
The arrow burns you.
You die...

.......###.#######.#
,,....#.. #.#######.#
,.......
#.......#.######### ,
# #.##.
#######.#.........#
,*, ...,..
#......########.## ###
##* #.#.......# #.#
#.###.###.# #.#
***####)#.###.###.#
#.# , ...c...@.(....>#
#.# ,
##.#.#####.###.#####.#
, ,, *, ,#.#.........#
*, ,#.#.#.#####.# ,* ,
..#.#.# #.# ,* ### #.#
### , , #.# , , #.# ,
#.#


You could see a centaur.

Vanquished Creatures
  An eye of draining (D:4)
  A gnoll sergeant (D:6)
  A scorpion (D:5)
  2 crimson imps (D:5)
  A hound (D:4)
  4 orc priests
  An iguana (D:5)
  A jelly (D:6)
  3 orc wizards
  2 bullfrog skeletons
  A worker ant (D:4)
  2 hound skeletons
  6 gnolls
  2 adders (D:3)
  2 oozes
  2 adder skeletons (D:4)
  4 worms
  3 dart slugs
  2 leopard geckos
  10 orcs
  3 giant cockroaches
  8 goblins
  9 hobgoblins
  A jackal (D:2)
  9 kobolds
  4 quokkas
  4 bats
  5 frilled lizards
  A quokka zombie (D:5)
  8 rats
103 creatures vanquished.

Notes
Turn   | Place    | Note
-------+----------+-------------------------------------------
     0 | D:1      | Esekla the Deep Dwarf Ice Elementalist began the quest for
                  | the Orb.
     0 | D:1      | Reached XP level 1. HP: 15/15 MP: 3/3
   506 | D:3      | Reached skill level 2 in Spellcasting
   619 | D:3      | Reached XP level 2. HP: 21/24 MP: 1/5
   685 | D:3      | Reached skill level 1 in Axes
   805 | D:5      | Entered Level 5 of the Dungeon
   845 | D:4      | Found a burning altar of Makhleb.
   850 | D:4      | Became a worshipper of Makhleb the Destroyer
   977 | D:2      | Found a hide-covered altar of Uskayaw.
   989 | D:2      | Reached skill level 1 in Fighting
   996 | D:2      | Found a shadowy altar of Dithmenos.
  1130 | D:1      | Reached XP level 3. HP: 21/31 MP: 6/6
  1200 | D:2      | Learned a level 3 spell: Frozen Ramparts
  1355 | D:3      | Learned a level 3 spell: Ozocubu's Armour
  1509 | D:2      | Reached * piety under Makhleb
  1527 | D:2      | Found a glowing golden altar of the Shining One.
  1660 | D:2      | Reached XP level 4. HP: 20/38 MP: 8/8
  1919 | D:2      | Found a hazy altar of Hepliaklqana.
  2625 | D:4      | Reached skill level 3 in Spellcasting
  2713 | D:4      | Reached XP level 5. HP: 26/44 MP: 10/10
  3094 | D:4      | Reached XP level 6. HP: 22/51 MP: 11/11
  3102 | D:4      | Found a bloodstained altar of Trog.
  3137 | D:4      | Reached skill level 4 in Spellcasting
  3137 | D:4      | Reached skill level 1 in Charms
  3317 | D:3      | Reached ** piety under Makhleb
  3317 | D:3      | Reached skill level 1 in Short Blades
  3957 | D:5      | Reached XP level 7. HP: 32/57 MP: 13/13
  4186 | D:6      | Reached skill level 5 in Spellcasting
  4376 | D:6      | HP: 1/57 [centaur/arrow (14)]
  4376 | D:6      | Shot with an arrow by a centaur

Illustrated notes

Levels and vault maps discovered:
D:1:      dpeg_arrival_castle, layout_loops_ring
D:2:      layout_rooms, eat_drink_and_be_merry_uskayaw, tso_oasis_becter,
          lemuel_round_altar, minmay_misc_feat_room, st_stairs_9,
          grunt_dithmenos_smoke
D:3:      layout_loops_ring
D:4:      layout_loops_ring, lightli_temple_of_fire, first_ration,
          trog_eyes_of_draining
D:5:      layout_basic, nicolae_ashenzari_panopticon
D:6:      layout_basic, minmay_temple_entry_slanted

Skill      XL: |  1  2  3  4  5  6  7 |
---------------+----------------------+-----
Spellcasting   | 2 3 4 5 |  5.1
Axes           | 1 2 3 |  3.3
Fighting       | 1 |  1.2
Ice Magic      | 4 |  4.9
Charms         | 1 |  1.7
Short Blades   | 1 |  1.4
Throwing       | |  0.5
Dodging        | |  2.7
Stealth        | |  2.4

Action                   |  1- 3 |  4- 6 |  7- 9 || total
-------------------------+-------+-------+-------++-------
Melee: Hand axe          |    23 |       |       ||    23
       Short sword       |     2 |       |       ||     2
       Dagger            |     8 |    87 |    32 ||   127
Throw: Dart              |       |       |    24 ||    24
 Cast: Freeze            |    21 |       |       ||    21
       Frozen Ramparts   |    11 |    26 |    11 ||    48
       Ozocubu's Armour  |     1 |    11 |     3 ||    15
  Use: Scroll            |     6 |     2 |     2 ||    10
       Potion            |       |       |     2 ||     2
 Stab: Sleeping          |     1 |     1 |       ||     2
  Eat: Chunk             |     3 |    11 |     3 ||    17
Armor: Robe              |     3 |    30 |    15 ||    48
Dodge: Dodged            |    24 |    60 |    12 ||    96
